Map: Emerald City LE

Players

antotchou

  • Race: Protoss Protoss
  • Spawn Location: 5:00

Filgaite

  • Race: Protoss Protoss
  • League: Diamond
  • Spawn Location: 5:00

Massa - Winner!

  • Race: Terran Terran
  • League: Platinum
  • Spawn Location: 11:00

qqq - Winner!

  • Race: Zerg Zerg
  • Spawn Location: 11:00

VOD

Have the link to the VOD?

Description

Time

  • Played on: Oct. 5, 2020, 3:30 p.m.
  • Length: 10:44
Show
View Real Time Build Order
Export as new Build Order

antotchou Protoss 

Build Orders: Dark Templar Rush 

Get SALT Encoding   

  12  0:00  Probe  
  13  0:15  Pylon  
  13  0:20  Probe  
  14  0:33  Probe  
  15  0:45  Probe  
  15  0:47  Gateway  
  17  0:57  Probe  
  17  1:02  Assimilator  
  17  1:09  Probe  
  18  1:15  Assimilator  
  18  1:18  Assimilator  
  18  1:21  Probe  
  19  1:33  Probe  
  19  1:39  Cybernetics Core  
  20  1:45  Probe (Chrono Boost)  
  20  1:46  Forge  
  21  1:57  Probe (Chrono Boost)  
  22  2:01  Pylon  
  22  2:04  Probe (Chrono Boost)  
  23  2:22  Twilight Council  
  23  2:34  Robotics Facility, Warp Gate (Chrono Boost)  
  23  2:48  Photon Cannon  
  23  2:50  Shield Battery  
  23  2:58  Gateway  
  23  3:10  Dark Shrine  
  23  3:14  Photon Cannon  
  23  3:43  Gateway  
  23  3:46  Pylon  
  23  3:47  Warp Prism (Chrono Boost)  
  25  3:57  Charge  
  25  4:13  Pylon  
  25  4:51  Stalker x2  
  29  5:07  Dark Templar  
  31  5:16  Dark Templar  
  33  5:35  Cybernetics Core  
  27  6:02  Dark Templar x2  
  7  7:01  Zealot x2  
  5  7:17  Probe (Chrono Boost)  
  6  7:28  Probe (Chrono Boost)  
  7  7:33  Probe (Chrono Boost)  
  8  7:43  Probe (Chrono Boost)  
  9  7:45  Nexus  
  9  7:48  Assimilator  
  9  7:52  Assimilator  
  9  7:55  Probe (Chrono Boost)  
  10  7:59  Probe (Chrono Boost)  
  11  8:09  Probe  
  12  8:17  Protoss Ground Weapons Level 1 (Chrono Boost)  
  12  8:21  Probe  
  13  8:33  Probe  
  14  8:45  Probe  
  15  8:58  Probe  
  16  9:16  Probe  
  18  9:17  Probe  
  18  9:30  Pylon  
  18  9:57  Probe  
  18  9:58  Probe  
  20  10:01  Zealot x2  
  24  10:10  Probe  
Show
View Real Time Build Order
Export as new Build Order

Filgaite Protoss 

Build Orders:  

Get SALT Encoding   

  12  0:04  Probe (Chrono Boost)  
  14  0:14  Probe (Chrono Boost)  
  14  0:19  Probe (Chrono Boost)  
  15  0:28  Pylon  
  15  0:46  Probe, Forge  
  16  0:51  Assimilator  
  15  1:07  Probe  
  16  1:13  Assimilator  
  16  1:19  Probe  
  17  1:35  Pylon  
  17  1:36  Photon Cannon, Gateway  
  17  1:57  Photon Cannon  
  17  1:58  Pylon  
  17  2:03  Photon Cannon  
  17  2:08  Pylon  
  16  2:32  Pylon  
  16  2:43  Nexus  
  16  2:45  Probe  
  17  2:57  Probe  
  18  3:01  Pylon  
  18  3:10  Probe  
  19  3:22  Probe  
  20  3:30  Photon Cannon  
  20  3:33  Assimilator  
  20  3:37  Cybernetics Core  
  20  3:39  Probe (Chrono Boost)  
  21  3:51  Probe (Chrono Boost)  
  22  3:59  Probe (Chrono Boost)  
  22  4:01  Photon Cannon  
  22  4:02  Probe (Chrono Boost)  
  24  4:05  Probe  
  25  4:14  Probe  
  26  4:23  Stargate  
  26  4:29  Shield Battery  
  26  4:37  Assimilator  
  26  4:42  Assimilator  
  26  4:57  Pylon  
  26  5:06  Oracle (Chrono Boost)  
  29  5:18  Stargate  
  29  5:27  Photon Cannon x2  
  29  5:29  Pylon  
  29  5:32  Probe x2  
  31  5:45  Probe x2  
  33  5:57  Probe x2  
  34  6:09  Probe  
  35  6:24  Void Ray x2 (Chrono Boost)  
  40  6:46  Pylon  
  40  6:59  Photon Cannon  
  39  7:17  Probe x2  
  41  7:25  Photon Cannon  
  41  7:29  Probe  
  43  7:30  Probe  
  43  7:39  Photon Cannon  
  43  7:40  Photon Cannon  
  43  7:41  Probe, Pylon  
  43  7:42  Probe  
  45  7:49  Robotics Facility  
  45  7:54  Probe (Chrono Boost)  
  45  7:57  Probe (Chrono Boost)  
  47  8:05  Probe (Chrono Boost)  
  48  8:08  Probe (Chrono Boost)  
  48  8:10  Probe (Chrono Boost)  
  50  8:15  Void Ray (Chrono Boost), Pylon  
  50  8:16  Void Ray (Chrono Boost)  
  50  8:18  Probe  
  51  8:20  Probe  
  60  8:28  Pylon  
  60  8:30  Probe  
  60  8:32  Probe, Pylon  
  62  8:34  Protoss Shields Level 1  
  62  8:36  Pylon  
  62  8:42  Probe  
  63  8:49  Void Ray (Chrono Boost)  
  63  8:50  Void Ray (Chrono Boost)  
  63  8:51  Fleet Beacon  
  71  8:57  Observer  
  72  9:19  Observer  
  72  9:20  Void Ray x2  
  73  9:28  Stargate  
  73  9:29  Stargate  
  81  9:31  Stargate  
Show
View Real Time Build Order
Export as new Build Order

Massa Terran - Winner!

Build Orders:  

Get SALT Encoding   

  12  0:00  SCV  
  13  0:12  SCV  
  14  0:24  SCV, Supply Depot  
  15  0:37  Refinery  
  15  0:45  SCV  
  15  0:47  Barracks  
  16  0:57  SCV  
  17  1:09  SCV  
  18  1:21  SCV  
  19  1:34  SCV  
  20  1:40  Command Center  
  20  1:43  Reaper  
  21  1:50  Orbital Command  
  21  2:30  Marine  
  21  2:32  SCV  
  23  2:41  Supply Depot  
  23  2:43  Factory  
  23  2:46  Barracks  
  23  2:50  Supply Depot  
  23  2:51  Marine  
  23  2:52  SCV  
  23  2:53  Orbital Command  
  25  3:09  Marine  
  26  3:26  Factory Tech Lab  
  26  3:27  Marine  
  26  3:30  SCV x2  
  29  3:35  Marine  
  30  3:42  Starport, SCV  
  30  3:43  SCV  
  30  3:45  Marine  
  33  3:51  Siege Tank  
  33  3:53  Marine  
  37  4:03  Marine  
  38  4:22  Barracks Tech Lab  
  38  4:24  Barracks Reactor  
  38  4:27  SCV x2  
  40  4:33  Engineering Bay  
  40  4:39  SCV x2  
  42  4:51  SCV x2  
  44  4:55  Marauder  
  46  5:10  Supply Depot  
  46  5:11  Supply Depot  
  46  5:12  Supply Depot  
  46  5:14  Missile Turret  
  46  5:16  Missile Turret  
  46  5:17  SCV  
  46  5:18  Marine  
  46  5:20  Marine  
  46  5:23  Marauder  
  37  5:36  Marine  
  37  5:37  Marine  
  37  5:38  Stimpack  
  31  5:54  Marine  
  31  5:55  Marine  
  33  5:58  SCV x2  
  31  6:10  SCV x2  
  31  6:12  Marine  
  31  6:13  Marine  
  33  6:20  Missile Turret  
  33  6:27  SCV x2  
  35  6:36  Marauder  
  35  6:39  SCV x2  
  39  6:46  Refinery  
  39  6:47  Refinery  
  39  6:51  SCV  
  40  6:58  Marauder  
  40  6:59  Missile Turret  
  42  7:01  Marine x2  
  42  7:07  SCV  
  45  7:17  Combat Shield  
  45  7:19  Marine  
  46  7:27  Missile Turret  
  46  7:29  Marine x2  
  48  7:37  Marine  
  49  7:46  Marine  
  49  7:47  Marine  
  51  7:54  SCV x2  
  53  8:06  SCV x2, Armory  
  55  8:18  SCV x2  
  57  8:27  Command Center  
  57  8:30  SCV  
  57  8:31  SCV  
  59  8:54  Marauder, Marine  
  59  8:55  Marine  
  63  8:56  Medivac  
  65  9:10  Supply Depot  
  65  9:12  Marine x2, Supply Depot  
  65  9:15  SCV x2, Marine  
  70  9:32  SCV x2, Thor  
  78  9:44  SCV  
Show
View Real Time Build Order
Export as new Build Order

qqq Zerg - Winner!

Build Orders: Hatch First 

Get SALT Encoding   

  12  0:00  Drone  
  13  0:10  Drone  
  14  0:37  Hatchery  
  14  0:41  Drone  
  14  1:04  Spawning Pool  
  14  1:10  Overlord  
  13  1:15  Drone  
  13  1:17  Extractor  
  13  1:22  Drone  
  14  1:35  Drone x2  
  16  1:43  Drone  
  17  1:53  Queen  
  19  1:54  Drone  
  19  2:00  Zergling x4  
  22  2:12  Drone  
  22  2:31  Drone  
  22  2:32  Drone  
  24  2:43  Metabolic Boost  
  25  2:44  Drone  
  25  2:46  Drone  
  25  2:51  Zergling x4  
  26  2:56  Zergling x2  
  28  3:01  Overlord  
  28  3:15  Overlord  
  28  3:33  Zergling x2  
  28  3:34  Zergling x4  
  30  3:35  Zergling x6  
  33  3:49  Drone  
  33  3:51  Queen  
  33  3:53  Drone  
  33  3:55  Lair  
  37  3:56  Drone, Zergling x4  
  37  3:58  Drone  
  41  4:20  Zergling x2  
  41  4:21  Zergling x4  
  41  4:22  Overlord  
  44  4:26  Overlord x2  
  44  4:28  Roach Warren  
  44  4:30  Extractor  
  42  4:35  Zergling x4  
  44  4:47  Spore Crawler  
  44  4:49  Spore Crawler  
  42  5:04  Zergling x8  
  42  5:05  Drone x2, Zergling x6  
  42  5:06  Zergling x2  
  52  5:22  Zergling x4  
  52  5:23  Drone  
  52  5:26  Overseer  
  55  5:29  Pneumatized Carapace  
  50  5:57  Drone x2, Zergling x6  
  46  6:22  Zergling x2  
  46  6:23  Zergling x2  
  46  6:24  Zergling x6  
  39  6:57  Zergling x10  
  39  6:58  Zergling x2  
  42  7:25  Hydralisk Den  
  42  7:28  Drone x2, Extractor  
  42  7:29  Drone x3  
  45  7:34  Extractor  
  44  7:43  Hatchery, Drone x3  
  44  7:44  Drone x2  
  47  7:49  Drone  
  49  7:53  Hatchery  
  49  7:56  Hydralisk  
  49  7:57  Hydralisk x3  
  56  7:59  Hydralisk, Muscular Augments  
  56  8:03  Hatchery  
  57  8:06  Glial Reconstitution  
  57  8:08  Hydralisk  
  57  8:09  Hydralisk  
  57  8:10  Drone  
  57  8:12  Overlord  
  62  8:32  Hydralisk  
  62  8:33  Hydralisk  
  62  8:34  Hydralisk  
  66  8:35  Drone  
  66  8:36  Drone x3  
  72  8:49  Drone  
  72  8:51  Drone  
  72  8:52  Drone  
  72  8:53  Overlord x2  
  75  9:00  Drone  
  75  9:01  Drone, Evolution Chamber  
  76  9:04  Hydralisk  
  76  9:06  Drone  
  76  9:08  Drone  
  80  9:10  Drone, Grooved Spines  
  80  9:12  Drone  
  80  9:14  Drone  
  83  9:20  Hydralisk  
  83  9:22  Drone x2  
  83  9:24  Drone  
  88  9:28  Spore Crawler  
  88  9:31  Spore Crawler  
  86  9:36  Drone x2  
  86  9:37  Drone, Spore Crawler  
  80  10:15  Hydralisk x8  
  80  10:16  Hydralisk x2  
  80  10:17  Drone x2  
  80  10:18  Drone x2  
Tags
 
Add a new tag
Caveats
  • Supply blocks, unpowered buildings, or Contaminate may cause inaccurate times.
  • Supply counts are checked every 10 seconds.